Map: [ESL] Amphion

Players

Nina

  • Race: Protoss Protoss
  • Spawn Location: 11:00

Scarlett - Winner!

  • Race: Zerg Zerg
  • Spawn Location: 7:00

Event: ESL SC2 Masters 2024 Spring (Regional)

VOD

Have the link to the VOD?

Description

Time

  • Played on: May 2, 2024, 2:25 p.m.
  • Length: 9:55

All games in this series

Show
View Real Time Build Order
Export as new Build Order

Nina Protoss 

Build Orders: 1 Gate Expand, Blink Stalkers, Dark Templar Rush 

Get SALT Encoding   

  12  0:00  Probe  
  13  0:12  Probe  
  14  0:20  Pylon  
  14  0:24  Probe  
  15  0:38  Probe (Chrono Boost)  
  15  0:40  Gateway  
  16  0:47  Probe (Chrono Boost)  
  16  0:49  Assimilator  
  17  0:53  Probe (Chrono Boost)  
  18  1:05  Probe  
  19  1:17  Probe  
  20  1:29  Nexus  
  20  1:37  Cybernetics Core  
  20  1:41  Probe  
  20  1:46  Assimilator  
  21  1:53  Probe  
  22  1:57  Pylon  
  22  2:05  Probe (Chrono Boost)  
  23  2:14  Adept (Chrono Boost)  
  23  2:15  Warp Gate  
  26  2:17  Probe (Chrono Boost)  
  26  2:21  Probe (Chrono Boost)  
  27  2:33  Probe  
  27  2:36  Adept (Chrono Boost)  
  28  2:37  Twilight Council  
  28  2:42  Probe (Chrono Boost)  
  31  2:49  Probe (Chrono Boost)  
  32  2:54  Probe (Chrono Boost)  
  32  2:57  Gateway  
  34  2:59  Probe (Chrono Boost)  
  34  3:00  Probe (Chrono Boost)  
  35  3:10  Probe (Chrono Boost)  
  35  3:11  Probe (Chrono Boost)  
  37  3:16  Dark Shrine  
  37  3:23  Gateway  
  39  3:27  Probe x2 (Chrono Boost)  
  39  3:31  Pylon  
  39  3:32  Probe (Chrono Boost)  
  39  3:33  Probe (Chrono Boost)  
  41  3:38  Blink  
  41  3:42  Probe  
  42  3:54  Nexus  
  42  4:01  Probe  
  42  4:03  Adept x2  
  42  4:06  Probe  
  43  4:13  Probe  
  44  4:18  Probe  
  44  4:19  Pylon  
  44  4:21  Stalker  
  47  4:26  Probe (Chrono Boost)  
  47  4:28  Dark Templar  
  47  4:30  Probe (Chrono Boost)  
  51  4:33  Pylon, Stalker  
  54  4:40  Forge  
  54  4:44  Probe (Chrono Boost)  
  54  4:45  Assimilator, Probe (Chrono Boost)  
  55  4:46  Assimilator  
  55  4:52  Probe (Chrono Boost)  
  56  4:53  Probe (Chrono Boost)  
  56  4:55  Stalker  
  56  4:56  Stalker  
  59  5:00  Shield Battery  
  59  5:04  Stalker  
  63  5:08  Probe (Chrono Boost)  
  63  5:09  Protoss Ground Weapons Level 1 (Chrono Boost), Probe (Chrono Boost)  
  63  5:13  Probe (Chrono Boost)  
  64  5:21  Stalker, Probe (Chrono Boost)  
  66  5:22  Stalker  
  66  5:23  Probe x2 (Chrono Boost)  
  66  5:27  Probe  
  72  5:32  Probe  
  72  5:33  Stalker  
  72  5:34  Probe  
  76  5:37  Pylon  
  76  5:44  Stalker, Probe  
  76  5:46  Gateway  
  76  5:47  Gateway  
  76  5:49  Probe  
  80  5:50  Probe  
  81  6:02  Stalker x2  
  81  6:03  Probe x2  
  81  6:04  Probe  
  88  6:06  Pylon  
  88  6:10  Templar Archives  
  88  6:14  Charge  
  88  6:15  Probe  
  88  6:16  Probe x2  
  91  6:19  Robotics Facility  
  91  6:22  Pylon  
  91  6:24  Pylon  
  91  6:27  Probe  
  91  6:28  Probe x2  
  91  6:29  Assimilator  
  91  6:31  Assimilator  
  94  6:34  Zealot  
  94  6:35  Zealot  
  94  6:37  Psionic Storm  
  94  6:39  Pylon, Probe  
  99  6:40  Probe  
  99  6:43  Probe  
  101  6:49  Pylon  
  101  6:52  Pylon  
  101  6:53  High Templar x2  
  105  6:54  Zealot x2  
  105  6:55  Probe  
  105  6:56  Probe  
  105  6:59  Zealot  
  113  7:03  Gateway  
  113  7:08  Observer (Chrono Boost)  
  113  7:09  Protoss Ground Weapons Level 2, Gateway  
  114  7:22  Stalker x3  
  118  7:28  Zealot, High Templar  
  116  7:32  Warp Prism (Chrono Boost)  
  116  7:36  Gateway  
  118  7:39  Pylon  
  118  7:41  Nexus  
  118  7:42  Pylon  
  118  7:46  Photon Cannon  
  118  7:54  High Templar  
  118  7:55  High Templar  
  122  8:01  Zealot x4  
  122  8:04  Shield Battery  
  130  8:06  Photon Cannon  
  130  8:07  Gateway  
  130  8:11  High Templar  
  130  8:12  Gateway  
  133  8:19  Pylon  
  119  8:26  Nexus  
  117  8:33  Archon  
  117  8:34  Archon  
  99  8:35  Stalker x4  
  99  8:36  Stalker  
  93  8:45  Stalker x2  
  91  8:52  Stalker  
  89  9:00  Stalker x4  
  96  9:08  Stalker  
  97  9:18  Stalker  
  97  9:37  Dark Templar x2  
Show
View Real Time Build Order
Export as new Build Order

Scarlett Zerg - Winner!

Build Orders: Hatch First, Swarm Host 

Get SALT Encoding   

  12  0:00  Drone  
  13  0:12  Overlord  
  13  0:17  Drone  
  14  0:30  Drone x2  
  16  0:48  Hatchery  
  15  0:52  Drone  
  15  0:55  Drone  
  17  0:59  Drone  
  18  1:10  Extractor  
  17  1:14  Spawning Pool  
  17  1:18  Drone  
  17  1:21  Drone  
  18  1:28  Drone  
  19  1:38  Drone  
  20  1:49  Drone  
  21  2:00  Queen x2  
  26  2:01  Zergling x2  
  26  2:03  Overlord  
  26  2:11  Drone  
  26  2:12  Drone  
  26  2:14  Metabolic Boost  
  28  2:21  Drone x2  
  30  2:32  Drone x2  
  30  2:36  Queen  
  34  2:48  Hatchery  
  33  2:52  Overlord  
  33  2:54  Zergling x2  
  33  2:58  Drone  
  35  3:08  Zergling x2  
  35  3:10  Overlord  
  35  3:12  Zergling x6  
  39  3:14  Queen  
  39  3:19  Overlord  
  41  3:20  Drone  
  42  3:30  Drone x2  
  44  3:36  Queen  
  44  3:40  Drone x5  
  51  3:47  Drone x3  
  53  3:55  Overlord  
  50  4:03  Drone x4  
  50  4:09  Spore Crawler  
  52  4:13  Spore Crawler, Drone  
  52  4:14  Spore Crawler  
  52  4:16  Zergling x10  
  56  4:19  Overlord  
  56  4:23  Zergling x2  
  56  4:24  Zergling x2  
  58  4:29  Lair  
  58  4:35  Drone  
  58  4:36  Roach Warren  
  58  4:39  Drone x3  
  61  4:53  Drone x9  
  61  4:58  Drone x4  
  74  5:05  Extractor x2  
  72  5:07  Overlord, Drone x2  
  72  5:12  Drone  
  75  5:15  Evolution Chamber, Extractor x2  
  75  5:16  Extractor  
  75  5:20  Drone x4  
  75  5:23  Drone x3  
  75  5:28  Drone  
  79  5:29  Overlord, Drone  
  79  5:30  Glial Reconstitution, Drone  
  79  5:32  Drone  
  79  5:34  Overseer  
  82  5:38  Drone  
  82  5:42  Zerg Missile Weapons Level 1  
  83  5:44  Drone x2  
  83  5:45  Overlord x3  
  85  5:50  Roach  
  85  5:53  Roach  
  88  5:57  Roach x4  
  88  6:03  Overseer, Hatchery  
  93  6:06  Roach x2  
  93  6:10  Drone  
  98  6:12  Drone x3  
  98  6:14  Overlord  
  98  6:15  Zergling x6  
  98  6:17  Zergling x2  
  105  6:22  Infestation Pit  
  105  6:23  Drone  
  105  6:28  Roach x2  
  109  6:35  Drone  
  109  6:39  Overlord  
  110  6:40  Overlord x2  
  110  6:45  Zergling x2  
  110  6:46  Zergling x4  
  113  6:58  Swarm Host x7  
  113  7:01  Swarm Host x3  
  134  7:04  Swarm Host  
  146  7:09  Swarm Host  
  146  7:11  Zergling x2  
  150  7:24  Drone  
  150  7:26  Overlord x3  
  154  7:30  Roach x2  
  154  7:31  Overlord x2, Nydus Network  
  153  7:38  Zerg Missile Weapons Level 2, Hatchery  
  153  7:39  Overlord  
  153  7:40  Overlord x2  
  152  7:45  Spine Crawler  
  152  7:48  Roach x5  
  161  7:52  Ravager x3  
  161  7:57  Roach x4  
  172  8:11  Roach x8  
  188  8:14  Nydus Canal  
  188  8:16  Roach  
  188  8:17  Roach  
  192  8:21  Roach  
  192  8:22  Roach x2  
  180  8:35  Roach x8  
  180  8:38  Roach  
  180  8:40  Nydus Canal  
  192  8:44  Roach  
  194  8:52  Roach x3  
  200  9:02  Ravager x3  
  197  9:19  Zergling x14  
  186  9:27  Nydus Canal  
  184  9:35  Roach  
  184  9:36  Roach x11  
  192  9:43  Nydus Canal  
Tags
 
Add a new tag
Caveats
  • Supply blocks, unpowered buildings, or Contaminate may cause inaccurate times.
  • Supply counts are checked every 10 seconds.